AoeStats
← xlxl

Coastal Forest

510438769Analyzed
2v2 RM · 1d ago on Oct 1, 2026· 57m 22s· 4 players
Game mode
Random Map
Map size
Medium (4 player)
Population
200
Speed
Normal
Resources
Standard
Victory
Conquest
Starting age
Dark Age
Ending age
Imperial Age
RankedLock teamsTeams togetherTeam positionsShared explorationLock speedFull tech treeHidden civsTurbo modeCheats
Victory
Defeat
🇨🇳 Goths · China
803
+15
🇬🇧 Burmese · United Kingdom
798
+15
🇦🇷 Bohemians · Argentina
793
-16
🇦🇷 Khmer · Argentina
766
-14
3GUR3N
1:10 Loom
11:55 Feudal Age
14:57 Town Watch
19:03 Castle Age
19:39 Wheelbarrow
18:52 Double-Bit Axe
18:48 Horse Collar
24:16 Bloodlines
24:07 Husbandry
27:44 Heavy Plow
29:59 Bow Saw
29:55 Crossbowman
32:09 Forging
32:05 Scale Barding Armor
31:53 Fletching
32:04 Padded Archer Armor
37:48 Hand Cart
38:14 Town Patrol
51:44 Imperial Age
49:25 Pikeman
49:51 Arson
54:17 Masonry
54:07 Murder Holes
54:37 Ballistics
55:17 Chemistry
54:24 Halberdier
55:43 Crop Rotation
55:57 Scale Mail Armor
Bisgarra
2:59 Loom
10:13 Feudal Age
12:44 Double-Bit Axe
13:24 Man-at-Arms
13:51 Arson
15:38 Scale Mail Armor
20:16 Forging
21:56 Fletching
22:50 Padded Archer Armor
27:40 Horse Collar
29:46 Wheelbarrow
33:51 Town Watch
37:12 Castle Age
38:41 Chain Mail Armor
38:22 Bodkin Arrow
39:34 Iron Casting
39:26 Squires
41:28 Leather Archer Armor
40:36 Long Swordsman
42:20 Crossbowman
42:33 Pikeman
43:52 Murder Holes
46:17 Town Patrol
46:47 Fortified Wall
50:21 Wagenburg Tactics
54:22 Chemistry
55:21 Ballistics
1024935437
0:40 Loom
11:29 Feudal Age
13:22 Man-at-Arms
15:16 Forging
15:07 Scale Mail Armor
22:17 Fletching
26:51 Castle Age
28:42 Horse Collar
32:44 Pikeman
34:54 Iron Casting
34:35 Chain Mail Armor
39:11 Squires
39:59 Murder Holes
43:03 Imperial Age
41:52 Anarchy
51:39 Wheelbarrow
xlxl
7:22 Loom
8:05 Loom
11:59 Feudal Age
19:53 Castle Age
20:03 Gold Mining
21:29 Town Watch
22:45 Stone Mining
23:30 Gold Shaft Mining
30:29 Forging
30:25 Scale Barding Armor
31:16 Murder Holes
32:18 Iron Casting
32:10 Fletching
32:41 Chain Barding Armor
32:48 Ballistics
32:09 Pikeman
34:08 Squires
35:53 Bodkin Arrow
39:48 Husbandry
39:58 Bloodlines
43:11 Imperial Age
44:07 Halberdier
44:38 Cavalier
47:15 Gambesons
47:41 Bracer
47:43 Scale Mail Armor
48:44 Blast Furnace
50:21 Masonry
49:53 Treadmill Crane
51:17 Chemistry
51:27 Manipur Cavalry
52:47 Wheelbarrow
56:36 Hand Cart
56:21 Town Patrol
Connection lost

Rejoining the realm…

Still unreachable

The connection could not be restored.

Session expired

The server has moved on; the page needs a fresh start.